 Dungeon Crawl Stone Soup version 0.28.0-53-g5a82cb258f (webtiles) character file.

Game seed: 5179193447563378298

63 ZappyNine the Magician (level 4, 0/33 HPs)
             Began as a Djinni Fire Elementalist on June 29, 2022.
             Slain by an orc
             ... wielding a +0 mace
              (6 damage)
             ... on level 3 of the Dungeon.
             The game lasted 00:03:52 (2895 turns).

ZappyNine the Magician (Djinni Fire Elementalist)   Turns: 2895, Time: 00:03:53

Health: 0/33       AC:  2    Str:  7    XL:     4   Next: 30%
Gold:   70         EV: 16    Int: 21    God:
                   SH:  0    Dex: 13

rFire   + + +      SeeInvis .   e - +2 dagger (venom)
rCold   . . .      Faith    .   (no shield)
rNeg    . . .      Spirit   .   a - +0 robe
rPois   ∞          Reflect  .   (helmet restricted)
rElec   .          Harm     .   h - scarf {rC+ rF+}
rCorr   .          Rampage  .   (no gloves)
Will    +....                   (boots unavailable)
Stlth   ++........              (no amulet)
HPRegen 0.11/turn               c - +4 ring of evasion
MPRegen 0.00/turn               i - ring of willpower

@: flying, very slightly contaminated
A: sickness immunity, fire resistance 2, cold vulnerability 1, float, innate
caster, HP casting, extra vitality 1, antennae 1, clever 1, subdued magic 1
a: no special abilities


You were on level 3 of the Dungeon.
You visited 1 branch of the dungeon, and saw 3 of its levels.

You collected 70 gold pieces.

Inventory:

Hand Weapons
 e - a +2 dagger of venom (weapon)
Armour
 a - a +0 robe (worn)
 h - a scarf of resistance (worn)
Jewellery
 c - a +4 ring of evasion (left hand)
 i - a ring of willpower (right hand)
Scrolls
 b - a scroll of acquirement {unknown}
 f - a scroll of noise {unknown}
 g - a scroll of identify {unknown}
 j - 2 scrolls of enchant armour {unknown}


   Skills:
 * Level 2.2 Fighting
 + Level 2.5 Dodging
 - Level 1.5 Stealth
 * Level 3.1 Spellcasting


You couldn't memorise any spells.
You knew the following spells:

 Your Spells              Type           Power      Damage    Failure   Level
a - Foxfire               Conj/Fire      48%        2x1d6     2%          1
b - Scorch                Fire           24%        2d6       4%          2
c - Conjure Flame         Conj/Fire      12%        6-21      9%          3
d - Inner Flame           Hex/Fire       12%        N/A       9%          3
e - Flame Wave            Conj/Fire      12%        2d6       32%         4
f - Pain                  Necr           48%        1d6       2%          1
Your spell library was empty.

Dungeon Overview and Level Annotations

Branches:
Dungeon (3/15)

Altars:
Fedhas
Wu Jian

Shops:
D:3 (


Innate Abilities, Weirdness & Mutations

You are immune to sickness and miasma.
You are immune to poison.
Your flesh is very heat resistant. (rF++)
You are vulnerable to cold. (rC-)
You float through the air rather than walking.
You learn spells naturally, not from books.
Your magical power is your life essence.
You have superior vitality. (+4 MHP)
You have a pair of small antennae on your head.
Your mind is acute. (Int +2)
Your spells are a little easier to cast, but a little less powerful.


Message History

Aiming: Inner Flame (quite dangerous; 13% risk of failure)
Press: ? - help, Dir - move target, f/p - orc
Aim: an orc, wielding a +0 mace and wearing a +0 leather armour (chance to affect: 81%)
The orc is filled with an inner flame.
* * * LOW HITPOINT WARNING * * *
Unknown command.
Unknown command.
Casting: Inner Flame (quite dangerous; 13% risk of failure)
Confirm with . or Enter, or press ? or * to list all spells.
You conjure some foxfire!
* * * LOW HITPOINT WARNING * * *
Unknown command.
Unknown command.
Your foxfire dissipates!
Casting: Foxfire (safe; 4% risk of failure)
Confirm with . or Enter, or press ? or * to list all spells.
You conjure some foxfire!
* * * LOW HITPOINT WARNING * * *
Unknown command.
The foxfire hits the orc but does no damage. x2
Casting: Foxfire (safe; 4% risk of failure)
Confirm with . or Enter, or press ? or * to list all spells.
You conjure some foxfire!
* * * LOW HITPOINT WARNING * * *
Unknown command.
Your foxfire dissipates!
The foxfire hits the orc but does no damage.
Casting: Foxfire (safe; 4% risk of failure)
Confirm with . or Enter, or press ? or * to list all spells.
You miscast Foxfire.
You are very lightly contaminated with residual magic.
Nothing appears to happen.
* * * LOW HITPOINT WARNING * * *
Unknown command.
It was a potion of mutation.
You feel extremely strange. A pair of antennae grows on your head!
Your connection to magic feels subdued.
You feel clever.
You hear the rapid rusting of a very distant drain.
The orc hits you with a +0 mace.
You die...

#.†.#.......#..######
##......._...........#
.....#†......#..####.#
#....#.......#..# #.#
#....##.....##..# #.#
#....####.####..# #.#
.....(.....(....####.#
##.###..####.........#
##.####.........@...<#
.........####..o####)#
#.#####.#####..o####.##
#.# #.....÷.........#
#.###########.#.####.##
................####.#
.....................#
..####.###############
..# #.#


You could see 2 orcs.

Vanquished Creatures
  An adder (D:2)
  2 dart slugs
  6 orcs
  3 bats
  An endoplasm (D:3)
  4 giant cockroaches
  2 goblins
  7 hobgoblins
  A quokka (D:2)
  7 ball pythons
  2 frilled lizards
  2 kobolds
  3 rats (D:1)
41 creatures vanquished.

Vanquished Creatures (others)
  80 foxfires
80 creatures vanquished.

Grand Total: 121 creatures vanquished

Notes
Turn   | Place    | Note
-------+----------+-------------------------------------------
     0 | D:1      | ZappyNine the Djinni Fire Elementalist began the quest for
                  | the Orb.
     0 | D:1      | Reached XP level 1. HP: 15/15 MP: 0/0
   524 | D:1      | Reached XP level 2. HP: 16/22 MP: 0/0
   650 | D:1      | Reached skill level 1 in Fighting
  1355 | D:2      | Reached XP level 3. HP: 19/27 MP: 0/0
  1355 | D:2      | Learned a level 1 spell: Pain
  2041 | D:2      | Found an ornate altar of the Wu Jian Council.
  2094 | D:2      | Reached skill level 3 in Spellcasting
  2375 | D:3      | Found a blossoming altar of Fedhas.
  2463 | D:3      | Reached XP level 4. HP: 25/33 MP: 0/0
  2463 | D:3      | Found Yvecot's Weapon Boutique.
  2895 | D:3      | Gained mutation: You have a pair of small antennae on your
                  | head. [potion of mutation]
  2895 | D:3      | Gained mutation: Your spells are a little easier to cast,
                  | but a little less powerful. [potion of mutation]
  2895 | D:3      | Gained mutation: Your mind is acute. (Int +2) [potion of
                  | mutation]
  2895 | D:3      | Slain by an orc

Illustrated notes

Levels and vault maps discovered:
D:1:      elethiomel_arrival_quiet, layout_loops_ring
D:2:      layout_rooms, basic_altar, dk_noncrumbling_2, corexii_shack
D:3:      layout_basic, old_standard_altar, overflow_temple_1_default,
          nicolae_ru_the_path_less_chosen,
          hellmonk_ecumenical_altar_pennies_from_heaven, gup_sewer_entry_spiral,
          serial_shops, nicolae_shop_advertising_works
          [nicolae_subvault_shop_adworks], uniq_crazy_yiuf_cottage, uniq_natasha

Skill      XL: |  1  2  3 |
---------------+----------+-----
Fighting       | 1 2 |  2.2
Spellcasting   | 3 |  3.1
Dodging        | |  2.5
Stealth        | |  1.5

Action                   |  1- 3 |  4- 6 || total
-------------------------+-------+-------++-------
Melee: Unarmed           |     8 |       ||     8
       Dagger            |    28 |    10 ||    38
 Cast: Foxfire           |    44 |    12 ||    56
       Scorch            |     7 |     6 ||    13
       Conjure Flame     |     2 |     1 ||     3
       Inner Flame       |       |     2 ||     2
  Use: Potion            |       |     1 ||     1
 Stab: Sleeping          |     3 |       ||     3
Armor: Robe              |     9 |     1 ||    10
Dodge: Dodged            |    37 |    13 ||    50
